 Dungeon Crawl Stone Soup version 0.18.1-5-g4a78601 (webtiles) character file.

319 Jerry the Covered (level 6, 45/51 HPs)
             Began as a Minotaur Fighter on May 14, 2016.
             Quit the game on level 3 of the Dungeon.
             The game lasted 00:08:45 (2878 turns).

Jerry the Covered (Minotaur Fighter)                Turns: 2878, Time: 00:08:46

Health: 45/51      AC:  4    Str: 21    XL:     6   Next: 21%
Magic:  5/5        EV:  9    Int:  5    God:
Gold:   196        SH: 10    Dex: 11    Spells: 0 memorised, 5 levels left

rFire  + . .     SeeInvis .     h - +0 whip
rCold  . . .     Gourm    .     o - +1 leather armour {rF+}
rNeg   . . .     Faith    .     c - +0 shield
rPois  .         Spirit   .     (helmet restricted)
rElec  .         Dismiss  .     (no cloak)
rCorr  .         Reflect  .     (no gloves)
SustAt .         Harm     .     (no boots)
MR     .....                    (no amulet)
Stlth  ..........               (no ring)
                                j - ring of loudness (curse)

@: not resistant to hostile enchantments, extremely unstealthy
A: retaliatory headbutt, horns 2
a: no special abilities


You were on level 3 of the Dungeon.
You were not hungry.

You visited 1 branch of the dungeon, and saw 3 of its levels.

You collected 196 gold pieces.

Inventory:

Hand Weapons
 a - a +0 flail
 h - a +0 whip (weapon)
Armour
 b - a +0 scale mail
 c - a +0 shield (worn)
 o - a +1 leather armour of fire resistance (worn)
Jewellery
 j - a cursed ring of loudness (left hand)
Scrolls
 e - 2 scrolls of remove curse {unknown}
 i - a scroll of magic mapping {unknown}
 n - 2 scrolls of identify {unknown}
 p - 2 scrolls of random uselessness {unknown}
 r - a scroll of enchant armour {unknown}
 t - a scroll of enchant weapon {unknown}
 u - 2 scrolls of immolation {unknown}
 v - a scroll of recharging {unknown}
Potions
 d - a potion of might
 k - a potion of heal wounds {unknown}
 m - a potion of haste {unknown}
 q - 2 potions of curing {unknown}
Comestibles
 f - 3 bread rations
 g - 3 meat rations
 l - 3 fruits
 s - a chunk of flesh


   Skills:
 - Level 3.6 Fighting
 + Level 4.6 Maces & Flails
 + Level 5.9 Armour
 + Level 5.7 Shields


You had 5 spell levels left.
You didn't know any spells.

Dungeon Overview and Level Annotations

Branches:
Dungeon (3/15)

Altars:
Kikubaaqudgha
Makhleb
Qazlal


Innate Abilities, Weirdness & Mutations

You reflexively headbutt those who attack you in melee.
You have a pair of horns on your head.


Message History

You kill the goblin!
Found 12 arrows.
No target in view!
No target in view!
You see here a goblin corpse.
An adder comes into view.
You barely miss the adder. You block the adder's attack.
The adder barely misses you.
You hit the adder but do no damage. The adder bites you.
You miss the adder. The adder bites you but does no damage.
You miss the adder. Your headbutt misses the adder.
The adder bites you but does no damage.
You barely miss the adder. The adder bites you. x2
You barely miss the adder. You headbutt the adder!
You kill the adder!
No target in view!
Done exploring.
Done exploring.
Search for what [Enter for "."]? .
Are you sure you want to abandon this character and quit the game? (Confirm with "yes".)

################
##..............#
#...#.#.#.#.#.#.##
#..#...#...#...#.#
#.#.#.#.#.#.#.#.##
#....#...#...#...#
#.#.#.#@#(#.#.#.##
#..#...#...#...#.#
#.#.#.#.#.#.#.#.##
#....#...#...#...#
#.#.#.#.#.#.#.#.##
#..#...#...#...#.#
#.#.#.#.#.#.#.#†##
#####....#...#...#...# #
###.....#.#.#.#.#.#.#.##


There were no monsters in sight!

Vanquished Creatures
  Sigmund (D:3)
  A hound skeleton (D:3)
  Robin (D:3)
  6 adders
  3 worms
  2 dart slugs
  4 giant geckos
  6 giant cockroaches
  10 goblins
  8 hobgoblins
  4 jackals (D:1)
  2 quokkas
  A ball python (D:1)
  3 bats (D:1)
  3 giant newts
  10 kobolds
  13 rats
78 creatures vanquished.

Notes
Turn   | Place    | Note
--------------------------------------------------------------
     0 | D:1      | Jerry the Minotaur Fighter began the quest for the Orb.
     0 | D:1      | Reached XP level 1. HP: 19/19 MP: 0/0
   113 | D:1      | Reached XP level 2. HP: 26/26 MP: 1/1
   806 | D:2      | Reached XP level 3. HP: 21/31 MP: 2/2
  1424 | D:2      | Reached XP level 4. HP: 35/39 MP: 3/3
  1855 | D:3      | Noticed Robin
  1861 | D:3      | Reached skill level 5 in Armour
  2159 | D:3      | Killed Robin
  2473 | D:3      | Reached skill level 5 in Shields
  2473 | D:3      | Reached XP level 5. HP: 45/45 MP: 4/4
  2597 | D:3      | Noticed Sigmund
  2614 | D:3      | Killed Sigmund
  2614 | D:3      | Reached XP level 6. HP: 42/51 MP: 5/5
  2817 | D:3      | Found a stormy altar of Qazlal.
  2822 | D:3      | Found a burning altar of Makhleb.
  2825 | D:3      | Found an ancient bone altar of Kikubaaqudgha.
  2878 | D:3      | Quit the game

Skill      XL: |  1  2  3  4  5 |
---------------+----------------+-----
Armour         | 4 5 |  5.9
Shields        | 4 5 |  5.7
Maces & Flails | 3 4 |  4.6
Fighting       | |  3.6

Action                   |  1- 3 |  4- 6 || total
-------------------------+-------+-------++-------
Melee: Flail             |    29 |       ||    29
       Headbutt          |     8 |    26 ||    34
       Whip              |    83 |   119 ||   202
  Use: Potion            |       |     1 ||     1
  Eat: Chunk             |     2 |     4 ||     6
Armor: Scale mail        |    15 |       ||    15
       Leather armour    |    11 |    21 ||    32
Dodge: Dodged            |    39 |    34 ||    73
Block: Shield            |    55 |    44 ||    99
